 Dungeon Crawl Stone Soup version 0.29-a0-495-g17b79114eb (webtiles) character file.

Game seed: 8978684059209170413

41 jlumianski the Firebug (level 3, 0/26 HPs)
             Began as a Demigod Fire Elementalist on May 27, 2022.
             Slain by Sigmund
             ... wielding a +0 scythe
              (12 damage)
             ... on level 2 of the Dungeon on May 28, 2022.
             The game lasted 00:07:24 (1355 turns).

jlumianski the Firebug (Demigod Fire Elementalist)  Turns: 1355, Time: 00:07:25

Health: 0/26       AC:  2    Str:  9    XL:     3   Next: 16%
Magic:  3/8        EV: 16    Int: 21    God:
Gold:   158        SH:  0    Dex: 14    Spells: 3/6 levels left

rFire   . . .      SeeInvis .   k - +0 short sword
rCold   . . .      Faith    .   (no shield)
rNeg    . . .      Spirit   .   a - +0 robe
rPois   .          Reflect  .   (no helmet)
rElec   .          Harm     .   (no cloak)
rCorr   .          Rampage  .   (no gloves)
Will    .....                   (no boots)
Stlth   ++........              (no amulet)
HPRegen 0.08/turn               c - +4 ring of evasion
MPRegen 0.11/turn               (no ring)

@: no status effects
A: high MP 1, forlorn, divine attributes
a: no special abilities


You were on level 2 of the Dungeon.
You visited 1 branch of the dungeon, and saw 3 of its levels.

You collected 158 gold pieces.

Inventory:

Hand Weapons
 k - a +0 short sword (weapon)
Missiles
 e - 50 stones
 g - 3 poisoned darts
Armour
 a - a +0 robe (worn)
Jewellery
 c - a +4 ring of evasion (left hand)
Scrolls
 f - a scroll of summoning {unknown}
 h - 2 scrolls of blinking {unknown}
 i - 2 scrolls of teleportation {unknown}
 j - 2 scrolls of identify {unknown}
Potions
 b - a potion of magic
 d - 2 potions of curing {unknown}


   Skills:
 + Level 2.0 Dodging
 + Level 2.1 Stealth
 + Level 2.0 Spellcasting
 + Level 1.1 Conjurations
 + Level 3.4 Fire Magic


You had 3 spell levels left.
You knew the following spells:

 Your Spells              Type           Power      Damage    Failure   Level
a - Foxfire               Conj/Fire      44%        2x1d6     6%          1
b - Scorch                Fire           32%        2d6       5%          2

Your spell library contained the following spells:

 Spells                   Type           Power      Damage    Failure   Level
 Summon Small Mammal      Summ           8%         N/A       14%         1
 Conjure Flame            Conj/Fire      11%        6-21      17%         3
 Inner Flame              Hex/Fire       9%         N/A       22%         3
 Call Canine Familiar     Summ           2%         N/A       41%         3
 Summon Guardian Golem    Hex/Summ       2%         N/A       41%         3
 Flame Wave               Conj/Fire      11%        2d5       50%         4


Dungeon Overview and Level Annotations

Branches:
Dungeon (3/15)

Annotations:
D:2 Sigmund


Innate Abilities, Weirdness & Mutations

You have an increased reservoir of magic. (+10% MP)
You shall have no god before yourself.
Your divine heritage dramatically boosts your attributes as you level up.


Message History

Sigmund gestures at you while chanting. The magic dart hits you!
Casting: Foxfire (safe; 6% risk of failure)
Confirm with . or Enter, or press ? or * to list all spells.
You conjure some foxfire!
The foxfire hits Sigmund.
Sigmund is heavily wounded.
The foxfire hits Sigmund.
Sigmund is severely wounded.
Sigmund points at you and mumbles some strange words.
The magic dart hits you.
Casting: Foxfire (safe; 6% risk of failure)
Confirm with . or Enter, or press ? or * to list all spells.
You conjure some foxfire!
The foxfire hits Sigmund.
Sigmund is almost dead.
The foxfire hits Sigmund but does no damage.
Sigmund is almost dead.
Sigmund gestures at you while chanting. The puff of flame misses you.
There is a stone staircase leading up here.
Casting: Foxfire (safe; 6% risk of failure)
Confirm with . or Enter, or press ? or * to list all spells.
You conjure some foxfire!
The foxfire hits the rat.
You kill the rat!
The foxfire hits Sigmund.
Sigmund is almost dead.
Casting: Foxfire (safe; 6% risk of failure)
Confirm with . or Enter, or press ? or * to list all spells.
You conjure some foxfire!
Sigmund casts a spell.
Sigmund flickers and vanishes!
Deactivating autopickup; reactivate with Ctrl-A.
The foxfire hits something but does no damage. x2
There is a stone staircase leading up here.
Casting: Foxfire (safe; 6% risk of failure)
Confirm with . or Enter, or press ? or * to list all spells.
You conjure some foxfire!
Something hits you!
You die...

......#.###.###
......#.# #<####
......#.# ####..
......#.######.## ##
................ ..#
..#####.####...###.###
.$# #.# #...#.....#
..#####.####...#.#####
...........†...v@v...#
#.#####.####...####.##
....................#
#..####.#..###.#.#####
##.# #.#............#
#.# #.##.....#.#####
#.## #.#####..#....#
#..# #.# #..####.#
##.###.# #.....#.#


There were no monsters in sight!

Vanquished Creatures
  An adder (D:2)
  A worm (D:2)
  2 endoplasms
  3 giant cockroaches
  6 hobgoblins
  2 quokkas (D:1)
  A frilled lizard (D:1)
  2 goblins
  5 kobolds
  5 rats
28 creatures vanquished.

Vanquished Creatures (collateral kills)
  A foxfire (D:1)
1 creature vanquished.

Vanquished Creatures (others)
  81 foxfires
81 creatures vanquished.

Grand Total: 110 creatures vanquished

Notes
Turn   | Place    | Note
-------+----------+-------------------------------------------
     0 | D:1      | jlumianski the Demigod Fire Elementalist began the quest
                  | for the Orb.
     0 | D:1      | Reached XP level 1. HP: 14/14 MP: 5/5
    89 | D:1      | Reached skill level 1 in Conjurations
   140 | D:1      | Reached skill level 3 in Fire Magic
   320 | D:1      | Reached XP level 2. HP: 20/20 MP: 4/7
   753 | D:1      | Learned a level 2 spell: Scorch
   826 | D:1      | Noticed a neqoxec
   915 | D:2      | Noticed Sigmund
   967 | D:2      | Reached XP level 3. HP: 15/26 MP: 3/8
  1355 | D:2      | Slain by Sigmund

Illustrated notes

Levels and vault maps discovered:
D:1:      lightli_arrival_lavapool, layout_rooms,
          dreamdust_ecumenical_altar_sealed_demon, minivault_19,
          lemuel_another_geyser
D:2:      layout_basic, uniq_sigmund
D:3:      layout_basic, uniq_crazy_yiuf_cottage, uniq_terence

Skill      XL: |  1  2 |
---------------+-------+-----
Conjurations   | 1 |  1.1
Fire Magic     | 3 |  3.4
Dodging        | 2 |  2.0
Stealth        | 2 |  2.1
Spellcasting   | 2 |  2.0

Action                   || total
-------------------------++-------
Melee: Unarmed           ||    23
       Punch             ||     1
       Short sword       ||     5
 Cast: Foxfire           ||    47
       Scorch            ||     2
Armor: Robe              ||     7
Dodge: Dodged            ||    46

Table legend: (Time is in decaauts)
 A = Elapsed time spent in this place.
 B = Non-inter-level travel time spent in this place.
 C = Inter-level travel time spent in this place.
 D = Time resting spent in this place.
 E = Time spent auto-exploring this place.
 F = Levels seen in this place.
 G = Mean time per level.
                   A        B        C        D        E       F      G
               +--------+--------+--------+--------+--------+-----+--------+
         Total |   1357 |   1320 |     37 |    240 |    521 |   3 |  452.3 |
       Dungeon |   1357 |   1320 |     37 |    240 |    521 |   3 |  452.3 |
               +--------+--------+--------+--------+--------+-----+--------+

Top non-repeatable levels by time:
     D:1: 1026 daAuts
     D:2: 305 daAuts
     D:3: 26 daAuts
